 Dungeon Crawl Stone Soup version 0.30-a0-1124-g6e8f0f562f (webtiles) character file.

Game seed: 8951771624827789189

4 MackTheKnife the Magician (level 1, -1/14 HPs)
             Began as a Demigod Hedge Wizard on Apr 23, 2023.
             Slain by a goblin
             ... wielding a +0 club
              (3 damage)
             ... on level 1 of the Dungeon.
             The game lasted 00:00:31 (107 turns).

MackTheKnife the Magician (Demigod Hedge Wizard)     Turns: 107, Time: 00:00:31

Health: -1/14      AC:  2    Str: 11    XL:     1   Next: 46%
Magic:  0/6        EV: 12    Int: 16    God:
Gold:   11         SH:  0    Dex: 13    Spells: 4/5 levels left

rFire   . . .        a - +0 dagger {short}
rCold   . . .        (no shield)
rNeg    . . .        b - +0 robe
rPois   .            c - +0 hat
rElec   .            (no cloak)
rCorr   .            (no gloves)
SInv    .            (no boots)
Will    .....        (no amulet)
Stlth   ++           (no ring)
HPRegen 0.22/turn    (no ring)
MPRegen 0.10/turn

%: no passive effects
@: no status effects
A: high MP 1, forlorn, divine attributes
a: no special abilities


You were on level 1 of the Dungeon.
You visited 1 branch of the dungeon, and saw 1 of its levels.

You collected 11 gold pieces.


Innate Abilities, Weirdness & Mutations

You have an increased reservoir of magic. (+10% MP)
You shall have no god before yourself.
Your divine heritage dramatically boosts your attributes as you level up.


   Skills:
 - Level 1.7 Dodging
 - Level 1.7 Stealth
 + Level 2.7 Spellcasting
 + Level 1.1 Conjurations
 + Level 1.1 Summonings
 - Level 0.8 Translocations


You had 4 spell levels left.
You knew the following spells:

 Your Spells              Type           Power      Damage    Failure   Level
a - Magic Dart            Conj           20%        1d4       12%         1

Your spell library contained the following spells:

 Spells                   Type           Power      Damage    Failure   Level
 Slow                     Hex            8%         N/A       19%         1
 Call Imp                 Summ           10%        N/A       19%         2
 Blink                    Tloc           8%         N/A       21%         2
 Cigotuvi's Dreadful Rot  Necr/Pois/Air  4%         N/A       28%         2
 Mephitic Cloud           Conj/Pois/Air  3%         N/A       45%         3

Inventory:

Hand Weapons
 a - a +0 dagger (weapon) {short}
Armour
 b - a +0 robe (worn)
 c - a +0 hat (worn)
Potions
 d - a potion of magic

Dungeon Overview and Level Annotations

Branches:
Dungeon (1/15) Zot: 5892

#..# ##.## .. ##.†#
... ##..## ....
#..## ....###.##
...#....##
.........##########
........wKg@Jl.....
###..##†.S#########
#.# #...# #.. #.).#
... .....# ##
##....# #....#
.....# .#$.?#


You could see a dart slug, an endoplasm, a goblin, a ball python, a kobold and a
frilled lizard.


Message History

😎 MP[-1]
You lost 1 mp, and now have 4/6 mp.
The magic dart hits the goblin.
You kill the goblin!
A bat comes into view. 😎 MP[-1]
You lost 1 mp, and now have 3/6 mp.
You miscast Magic Dart.
You are very lightly contaminated with residual magic.
Nothing appears to happen. 😎 MP[-1]
You lost 1 mp, and now have 2/6 mp.
The magic dart hits the bat.
You kill the bat! 😎 MP[-1]
You lost 1 mp, and now have 1/6 mp.
You can't see any susceptible monsters within range! (Use Z to cast anyway.)
You can't see any susceptible monsters within range! (Use Z to cast anyway.)
A dart slug comes into view.
A dart slug is nearby!
A dart slug is nearby!
A dart slug is nearby!
The magic dart hits the dart slug but does no damage. 😎 MP[-1]
You lost 1 mp, and now have 0/6 mp.
You are out of magic!
You are out of magic!
A dart slug is nearby!
A rat comes into view.
A kobold comes into view. It is wielding a +0 club.
Your magical contamination has completely faded away. 😎 MP[+1]
A goblin comes into view. It is wielding a +0 club.
The dart slug launches a dart at you. The slug dart misses you.
You see here a rat corpse.
You completely miss the dart slug. The dart slug barely misses you.
The kobold shouts!
You hit the dart slug.
The goblin shouts!
You hear an angry hiss.
The dart slug bites you but does no damage.
You hit the dart slug but do no damage.
A ball python comes into view.
The kobold hits you but does no damage.
You hit the dart slug. The dart slug closely misses you.
The kobold hits you but does no damage.
You hit the dart slug. The dart slug bites you.
The kobold hits you but does no damage. The rat barely misses you. 😕 HP[-2]
You take 2 damage, and now have 12/14 hp.
Unknown command.
An endoplasm comes into view.
The kobold hits you with a +0 club. 😕 HP[-1]
You take 1 damage, and now have 11/14 hp.
The rat attacks as you move away! The rat misses you.
A frilled lizard comes into view.
The kobold closely misses you. 😕 MP[+1]
The kobold attacks as you move away! The kobold hits you with a +0 club.
The kobold throws a stone.
The stone hits you. 😮 HP[-3]
You take 3 damage, and now have 8/14 hp.
MASSIVE DAMAGE!! (PAUSE)
Casting: Magic Dart (safe; 12% risk of failure)
Confirm with . or Enter, or press ? or * to list all spells.
Aiming: Magic Dart (safe; 12% risk of failure)
Press: ? - help, Shift-Dir - straight line, f - rat
Aim: a rat (100% to hit)
The magic dart hits the rat.
You kill the rat!
The frilled lizard hisses angrily.
The endoplasm hits you but does no damage. 😮 HP[+1] MP[-1]
You lost 1 mp, and now have 1/6 mp.
Casting: Magic Dart (safe; 12% risk of failure)
Confirm with . or Enter, or press ? or * to list all spells.
Aiming: Magic Dart (safe; 12% risk of failure)
Press: ? - help, Shift-Dir - straight line, f - endoplasm
Aim: an endoplasm (100% to hit)
The magic dart hits the endoplasm.
The endoplasm freezes you.
You are frozen.
* * * LOW HITPOINT WARNING * * *
The goblin hits you with a +0 club.
* * * LOW HITPOINT WARNING * * *
😨 HP[-3] MP[-1]
You take 3 damage, and now have 6/14 hp.
MASSIVE DAMAGE!! (PAUSE)
You lost 1 mp, and now have 0/6 mp.
You hit the endoplasm but do no damage. The endoplasm barely misses you.
The goblin hits you with a +0 club.
* * * LOW HITPOINT WARNING * * *
😱 HP[-4]
You take 4 damage, and now have 2/14 hp.
MASSIVE DAMAGE!! (PAUSE)
You completely miss the endoplasm.
The endoplasm hits you but does no damage.
The goblin hits you with a +0 club.
You die...

Skill      XL: |  1 |
---------------+----+-----
Conjurations   | 1 |  1.1
Summonings     | 1 |  1.1
Dodging        | |  1.7
Stealth        | |  1.7
Spellcasting   | |  2.7
Translocations | |  0.8

Action                     || total
---------------------------++-------
  Melee: Dagger            ||     7
   Cast: Magic Dart        ||    11
 Armour: Robe              ||     6
  Dodge: Dodged            ||     7

Levels and vault maps discovered:
D:1:      tarquinn_simple_flora_water_a, layout_rooms, basic_ecumenical_altar

Notes
Turn   | Place    | Note
-------+----------+-------------------------------------------
     0 | D:1      | MackTheKnife the Demigod Hedge Wizard began the quest for
                  | the Orb.
     0 | D:1      | Reached XP level 1. HP: 14/14 MP: 6/6
     0 | D:1      | magus.rc [v1.9.6]
    83 | D:1      | Reached skill level 1 in Conjurations
    83 | D:1      | Reached skill level 1 in Summonings
   106 | D:1      | HP: 2/14 [goblin/+0 club (4)]
   107 | D:1      | Slain by a goblin

Vanquished Creatures
  A goblin (D:1)
  A ball python (D:1)
  A bat (D:1)
  3 rats (D:1)
6 creatures vanquished.

Table legend:
 A = Non-vault XP
 B = Vault XP
 C = Vault XP percentage of total XP
 D = Non-vault monster count
 E = Vault monster count
 F = Vault count percentage of total count
                 A         B        C        D         E       F
            +---------+---------+-------+---------+---------+-------
      Total |       7 |       0 |   0.0 |       6 |       0 |   0.0
            +---------+---------+-------+---------+---------+-------
        D:1 |       7 |       0 |   0.0 |       6 |       0 |   0.0
            +---------+---------+-------+---------+---------+-------

Illustrated notes

Table legend:
 A = Kills in this place as a percentage of kills in the entire game.
 B = Kills by you in this place as a percentage of kills by you in the entire game.
 C = Kills by friends in this place as a percentage of kills by friends in the entire game.
 D = Other kills in this place as a percentage of other kills in the entire game.
 E = Experience gained in this place as a percentage of experience gained in the entire game.
 F = Experience gained in this place divided by the number of levels of this place that you have seen.
                   A       B       C       D       E      F
               +-------+-------+-------+-------+-------+----------------------
         Total | 100.0 | 100.0 |   N/A |   N/A | 100.0 |   7.0
       Dungeon | 100.0 | 100.0 |   N/A |   N/A | 100.0 |   7.0
               +-------+-------+-------+-------+-------+----------------------

Table legend: (Time is in decaauts)
 A = Elapsed time spent in this place.
 B = Non-inter-level travel time spent in this place.
 C = Inter-level travel time spent in this place.
 D = Time resting spent in this place.
 E = Time spent auto-exploring this place.
 F = Levels seen in this place.
 G = Mean time per level.
                   A        B        C        D        E       F      G
               +--------+--------+--------+--------+--------+-----+--------+
         Total |    107 |    107 |      0 |      0 |     77 |   1 |  107.0 |
       Dungeon |    107 |    107 |      0 |      0 |     77 |   1 |  107.0 |
               +--------+--------+--------+--------+--------+-----+--------+

Top non-repeatable levels by time:
     D:1: 107 daAuts
